AoeStats
← ntu1994.tn

Arabian Desert

511013092Analyzed
1v1 RM · 5h ago on Oct 3, 2026· 46m 29s· 2 players
Game mode
Random Map
Map size
Tiny (2 player)
Population
200
Speed
Normal
Resources
Standard
Victory
Conquest
Starting age
Dark Age
Ending age
Imperial Age
RankedLock teamsTeams togetherTeam positionsShared explorationLock speedFull tech treeHidden civsTurbo modeCheats
Victory
Defeat
🇻🇳 Poles · Vietnam
870
+15
🇩🇪 Maya · Germany
855
-15
Madball33
0:32 Loom
11:59 Feudal Age
12:58 Double-Bit Axe
12:59 Horse Collar
18:27 Fletching
21:29 Castle Age
20:29 Padded Archer Armor
21:16 Gold Mining
22:40 Bodkin Arrow
22:36 Elite Skirmisher
24:00 Thumb Ring
25:31 Leather Archer Armor
25:10 Town Watch
25:26 Crossbowman
29:06 Scale Mail Armor
30:00 Stone Mining
31:34 Bow Saw
35:38 Murder Holes
35:54 Masonry
42:53 Ballistics
42:09 Eagle Warrior
47:57 Imperial Age
46:31 Wheelbarrow
ntu1994.tn
4:16 Loom
10:50 Feudal Age
12:04 Double-Bit Axe
12:21 Horse Collar
20:01 Castle Age
20:56 Bow Saw
20:31 Crossbowman
21:08 Fletching
22:07 Heavy Plow
24:12 Light Cavalry
26:52 Bloodlines
28:54 Scale Barding Armor
30:10 Husbandry
31:55 Bodkin Arrow
32:22 Chain Barding Armor
35:21 Forging
36:45 Iron Casting
41:04 Imperial Age
40:33 Wheelbarrow
40:31 Ballistics
41:17 Elite Skirmisher
41:51 Winged Hussar
43:56 Chemistry
43:24 Thumb Ring
47:42 Blast Furnace
46:43 Bracer
Connection lost

Rejoining the realm…

Still unreachable

The connection could not be restored.

Session expired

The server has moved on; the page needs a fresh start.